[Event "*** Titled Tuesday Blitz"]
[Site "Chess.com"]
[Date "2018.09.04"]
[Round "7"]
[White "VladDobrov"]
[Black "HonzaVykouk"]
[Result "0-1"]
[WhiteElo "2694"]
[BlackElo "2576"]
[TimeControl "180+2"]
[EndTime "15:08:45 PDT"]
[Termination "HonzaVykouk won on time"]

1. d4 Nf6 2. c4 g6 3. g3 Bg7 4. Bg2 O-O 5. Nc3 d6 6. Nf3 Nc6 7. O-O a6 8. Qd3 Rb8 9. d5 Nb4 10. Qd1 Bf5 11. Nd4 a5 12. a3 Na6 13. Nxf5 gxf5 14. e4 fxe4 15. Nxe4 Nxe4 16. Bxe4 Nc5 17. Bc2 f5 18. Rb1 e5 19. dxe6 Nxe6 20. Qd5 Qf6 21.
Re1 Rbe8 22. Be3 c6 23. Qxa5 Qf7 24. Qd2 f4 25. gxf4 Nxf4 26. Bxf4 Rxe1+ 27. Rxe1 Qxf4 28. Re3 Kh8 29. Qe2 Bd4 30. Re7 Qc1+ 31. Bd1 Bxf2+ 32. Kg2 Qg5+ 33. Kh3 Qh4+ 34. Kg2 Rg8+ 35. Kf3 Qf6+ 0-1

[Event "*** Titled Tuesday Blitz"]
[Site "Chess.com"]
[Date "2018.09.04"]
[Round "7"]
[White "SARGISMV"]
[Black "afgano29"]
[Result "0-1"]
[WhiteElo "2481"]
[BlackElo "2696"]
[TimeControl "180+2"]
[EndTime "15:08:45 PDT"]
[Termination "afgano29 won by resignation"]

1. d4 Nf6 2. c4 g6 3. Nf3 Bg7 4. Nc3 d5 5. cxd5 Nxd5 6. e4 Nxc3 7. bxc3 c5 8. Be3 O-O 9. Rc1 Qa5 10. Qd2 Rd8 11. d5 e6 12. Bg5 Re8 13. c4 Qxd2+ 14. Kxd2 exd5 15. exd5 Na6 16. Bd3 Nb4 17. Bb1 b6 18. h3 h6 19. Be3 Bb2 20. Rce1 Ba6 21. Bd3 Nxa2 22. Kc2 Bg7 23. Bd2 Nb4+ 24. Bxb4 cxb4 25.
Rxe8+ Rxe8 26. Re1 Rxe1 27. Nxe1 Bc8 28. Kb3 a5 29.
Nc2 Bd7 30. Nxb4 axb4 31. Kxb4 Bf8+ 32. Kc3 Bc5 33. f3 Kf8 34. g4 g5 35. Be4 Ke7 36. Kd3 Kd6 37. Bh7 Ke5 38. Bg8 f5 39. Bh7 f4 40. Be4 b5 41. cxb5 Bxb5+ 42. Kc3 Bf1 43. Kb3 Bxh3 44. Kc4 Bd6 45. Bg6 Bg2 46. Be4 Bh3 47. Bg6 Bf1+ 48. Kc3 Kxd5 49. Bf7+ Ke5 50. Bg6 Bb5 51. Kd2 Bc6 52. Ke2 Kd4 53. Kf2 Bc5 54.
Bf7 Kc3+ 55. Ke2 Bb5+ 56. Ke1 Kd3 57. Be8 Bxe8 0-1

[Event "*** Titled Tuesday Blitz"]
[Site "Chess.com"]
[Date "2018.09.04"]
[Round "7"]
[White "Jbd735"]
[Black "Kurai"]
[Result "1-0"]
[WhiteElo "2354"]
[BlackElo "2439"]
[TimeControl "180+2"]
[EndTime "15:08:47 PDT"]
[Termination "Jbd735 won by resignation"]

1. e4 e5 2. Nf3 Nc6 3. Bb5 a6 4.
Ba4 Nf6 5. O-O Be7 6. Re1 b5 7. Bb3 d6 8. c3 O-O 9. h3 Na5 10. Bc2 c5 11. d4 Qc7 12. Nbd2 Re8 13.
Nf1 Bd7 14. Ng3 Nc6 15. d5 Nd8 16. Nh2 Rf8 17. Qf3 Ne8 18. Nf5 Bxf5 19. exf5 Nf6 20. Ng4 Nxg4 21. hxg4 f6 22. g3 h6 23. Kg2 Nf7 24. Rh1 Rfb8 25. Be3 Bf8 26. Bd3 Qd8 27. Qe2 Qd7 28. f4 Qb7 29. Qf3 Re8 30. Rae1 a5 31. Kf2 a4 32. Rh5 c4 33. Bc2 a3 34. b4 cxb3 35.
Bxb3 Rec8 36. Bd2 Be7 37. Reh1 Kf8 38. g5 fxg5 39. fxg5 Bxg5 40. Bxg5 Nxg5 41. Rxg5 hxg5 42. f6 g6 43. Rh8+ Kf7 44. Rh7+ 1-0

[Event "*** Titled Tuesday Blitz"]
[Site "Chess.com"]
[Date "2018.09.04"]
[Round "7"]
[White "Bad4life"]
[Black "Superfelix"]
[Result "0-1"]
[WhiteElo "2412"]
[BlackElo "2369"]
[TimeControl "180+2"]
[EndTime "15:08:47 PDT"]
[Termination "Superfelix won by resignation"]

1. e4 c5 2. Nf3 d6 3. d4 cxd4 4. Nxd4 Nf6 5. Nc3 a6 6. a3 Nbd7 7. Bd3 g6 8. O-O Bg7 9. h3 Qc7 10. Nf3 b5 11. Bg5 Bb7 12. Rc1 Rc8 13. Re1 O-O 14.
Qd2 Nc5 15. Bh6 Rfe8 16. Bxg7 Kxg7 17. Qg5 Ne6 18. Qe3 Qc5 19. e5 dxe5 20. Nxe5 Qxe3 21.
Rxe3 Nf4 22. Bf1 e6 23. g3 N4d5 24. Nxd5 Nxd5 25. Re2 Nb6 26. Rd2 Red8 27. Rcd1 Rxd2 28. Rxd2 Bd5 29. b3 f6 30. Ng4 h5 31. Ne3 Bb7 32.
Rd6 Rc6 33. Rd8 Rc7 34. Re8 Kf7 35. Rh8 Kg7 36. Re8 e5 37. g4 hxg4 38. hxg4 Nd5 39. c4 Nxe3 40. fxe3 bxc4 41. Bxc4 a5 42. Rg8+ Kh6 43.
a4 Kg5 44. Kf2 Bc6 45. Bd3 e4 46. Be2 Bd5 47. Rd8 Rc5 48. Bd1 Be6 49. Rd6 Bxg4 50. Bxg4 Kxg4 51. Rxf6 Rc2+ 52. Ke1 g5 53. Kd1 Rb2 54. Rb6 Kf3 55. Kc1 Re2 56. Rb5 g4 57. Rxa5 g3 58. Rf5+ Kxe3 59. Rg5 g2 60. Kd1 Rf2 61. Rg3+ Kd4 62. a5 Rf1+ 63. Kd2 g1=Q 0-1

[Event "*** Titled Tuesday Blitz"]
[Site "Chess.com"]
[Date "2018.09.04"]
[Round "7"]
[White "metra93"]
[Black "Abrito99"]
[Result "0-1"]
[WhiteElo "2501"]
[BlackElo "2591"]
[TimeControl "180+2"]
[EndTime "15:08:50 PDT"]
[Termination "Abrito99 won by resignation"]

1. d4 Nf6 2. c4 e6 3. Nc3 Bb4 4. e3 O-O 5. Bd3 d5 6. Nf3 dxc4 7. Bxc4 c5 8. O-O cxd4 9. exd4 b6 10. Bg5 Bb7 11.
Re1 h6 12. Bf4 Nc6 13. Rc1 Bd6 14. Ne5 Bb8 15. Nxc6 Bxc6 16. Be5 a6 17. Qe2 b5 18.
Bb3 Re8 19. a3 Nd7 20. Bxb8 Rxb8 21. d5 Nc5 22. dxc6 Nxb3 23. Rcd1 Qb6 24. Ne4 Red8 25. Qc2 Nd4 26. Qc5 Nxc6 27. Qxb6 Rxb6 28. Rxd8+ Nxd8 29. Rd1 Nb7 30. Rd7 f5 31. Nc3 Nc5 32. Ra7 Nd3 33.
Nd1 Rc6 34. Kf1 Rc2 35. Rxa6 Rd2 36. Nc3 Rxf2+ 37. Kg1 Rxb2 38. Rd6 Nf4 39. Rb6 Rxg2+ 40. Kf1 Rxh2 41. Nxb5 g5 42. a4 g4 43. Nd4 g3 44. Nf3 Rf2+ 45. Kg1 Nh3+ 46. Kh1 g2+ 47. Kh2 g1=Q+ 0-1

[Event "*** Titled Tuesday Blitz"]
[Site "Chess.com"]
[Date "2018.09.04"]
[Round "7"]
[White "suyu28"]
[Black "JammyDodger91"]
[Result "0-1"]
[WhiteElo "2476"]
[BlackElo "2427"]
[TimeControl "180+2"]
[EndTime "15:08:56 PDT"]
[Termination "JammyDodger91 won on time"]

1. Nf3 d5 2. g3 Nf6 3. Bg2 c6 4. O-O Bf5 5. d3 e6 6. Nbd2 h6 7. c4 Be7 8. b3 O-O 9. Bb2 Nbd7 10. a3 a5 11. Ra2 Bh7 12. Qa1 Re8 13. Bc3 Bf8 14.
b4 b6 15. bxa5 bxa5 16. Ne5 Nxe5 17. Bxe5 Nd7 18. Bc3 Nc5 19. a4 Na6 20. Rc2 Nb4 21. Rcc1 Rb8 22. Be5 Rb7 23. Rfd1 Qd7 24. h4 Rd8 25. h5 Qe8 26. Nb3 Ra8 27. cxd5 cxd5 28.
Nc5 Bxc5 29. Rxc5 f6 30. Bb2 Qxh5 31. Bf3 Qf7 32. Rdc1 Bf5 33. Qa3 Qg6 34. Re1 Bg4 35.
Bg2 Qe8 36. e4 Qd7 37. exd5 exd5 38. Bc3 Be6 39. Bxb4 axb4 0-1

[Event "*** Titled Tuesday Blitz"]
[Site "Chess.com"]
[Date "2018.09.04"]
[Round "7"]
[White "VeraNebolsina"]
[Black "Alopekos"]
[Result "0-1"]
[WhiteElo "2384"]
[BlackElo "2443"]
[TimeControl "180+2"]
[EndTime "15:09:00 PDT"]
[Termination "Alopekos won by resignation"]

1. e4 e5 2. Nf3 Nc6 3. Bc4 Nf6 4. d3 Be7 5. O-O O-O 6. Re1 d6 7. c3 Kh8 8. a4 Ng8 9. d4 f5 10. dxe5 fxe4 11. Rxe4 Rxf3 12. Qxf3 d5 13. Re1 dxc4 14.
Nd2 Be6 15. Qf4 Qd5 16. Nf3 Rf8 17. Qg3 Bc5 18. Be3 Bxe3 19. Rxe3 Nh6 20. Ng5 Nf5 21.
Qh3 Bg8 22. Rf3 g6 23. e6 Ne5 24. Rf4 Nd3 25. Re4 Nxf2 26. Kxf2 Nd6+ 27. Kg1 Nxe4 28. e7 Qc5+ 29. Kh1 Nf2+ 30. Kg1 Nxh3+ 0-1

[Event "*** Titled Tuesday Blitz"]
[Site "Chess.com"]
[Date "2018.09.04"]
[Round "7"]
[White "snowlord"]
[Black "alpasya2009"]
[Result "1-0"]
[WhiteElo "2700"]
[BlackElo "2459"]
[TimeControl "180+2"]
[EndTime "15:09:02 PDT"]
[Termination "snowlord won by resignation"]

1. e4 c5 2. Nf3 d6 3. d4 cxd4 4. Nxd4 Nf6 5. Nc3 a6 6. Bg5 e6 7. Qf3 Be7 8. O-O-O Nbd7 9. Bd3 O-O 10. Qh3 Nc5 11.
f4 Qc7 12. Kb1 b5 13. Bxf6 Bxf6 14. e5 Nxd3 15. exf6 Nxf4 16. Qg3 Ng6 17. h4 h5 18. Qg5 Qc5 19. Ne4 Qxg5 20. hxg5 d5 21. Ng3 h4 22. Nh5 e5 23. Nc6 Bb7 24. Na5 Rfb8 25. Nxg7 d4 26. Nxb7 Rxb7 27. Nf5 Kh7 28. g3 Rc7 29.
Rde1 Re8 30. Re4 Rec8 31. Nxh4 Nxh4 32. Rhxh4+ Kg6 33. Rxe5 1-0

[Event "*** Titled Tuesday Blitz"]
[Site "Chess.com"]
[Date "2018.09.04"]
[Round "7"]
[White "Manukyan_Artak"]
[Black "JSMastropiero"]
[Result "1-0"]
[WhiteElo "2311"]
[BlackElo "2352"]
[TimeControl "180+2"]
[EndTime "15:09:03 PDT"]
[Termination "Manukyan_Artak won by resignation"]

1. e4 e5 2. Nf3 Nc6 3. d4 exd4 4.
Nxd4 Bb4+ 5. c3 Bc5 6. Nxc6 bxc6 7. Bc4 Qh4 8. Qf3 Qf6 9. Be3 Qxf3 10. gxf3 Bxe3 11.
fxe3 Ne7 12. Nd2 d6 13. h4 h5 14. O-O-O Ng6 15. f4 Bg4 16. Rde1 Ke7 17. Be2 Bxe2 18. Rxe2 Nf8 19. Nc4 Nh7 20. e5 d5 21. Na5 Kd7 22. e4 Nf8 23. Rd1 Ne6 24. exd5 Nxf4 25. dxc6+ Ke6 26.
Re4 Nd5 27. Nb7 Ne7 28. Nc5+ Kf5 29. Rf1+ Kg6 30. e6 f5 31. Rc4 Nxc6 32. Nd7 Ne7 33. Rxc7 Rac8 34. Rxa7 Nd5 35. Ne5+ Kf6 36. Nd3 Kxe6 37.
Rxg7 Rhd8 38. Rg6+ Kf7 39. Ne5+ Ke8 40. Rg8+ Ke7 41. Rxd8 Kxd8 42. Rxf5 Nxc3 43. Rf8+ 1-0

[Event "*** Titled Tuesday Blitz"]
[Site "Chess.com"]
[Date "2018.09.04"]
[Round "7"]
[White "Fighterman91"]
[Black "Cryptochess"]
[Result "0-1"]
[WhiteElo "2485"]
[BlackElo "2540"]
[TimeControl "180+2"]
[EndTime "15:09:09 PDT"]
[Termination "Cryptochess won on time"]

1. d4 Nf6 2. Bf4 g6 3. Nc3 d6 4. e4 c6 5. Nf3 b5 6. e5 b4 7.
exf6 bxc3 8. bxc3 exf6 9. Bd3 Bg7 10. O-O O-O 11. Rb1 Na6 12. h3 Nc7 13. c4 Ba6 14. Qd2 Ne6 15. Bh6 d5 16. Bxg7 Kxg7 17. cxd5 Bxd3 18. Qxd3 Qxd5 19. c4 Qd6 20. Rfd1 Rfe8 21.
g3 Rad8 22. Qc3 Re7 23. d5 Nc5 24. dxc6 Qxd1+ 25. Rxd1 Rxd1+ 26. Kg2 Rd6 27. Nd4 Ne4 28. Qb4 Re8 29. c5 Rd5 30. c7 Rxc5 31. Qa4 Re7 32. Nc6 Rxc7 0-1

[Event "*** Titled Tuesday Blitz"]
[Site "Chess.com"]
[Date "2018.09.04"]
[Round "7"]
[White "novocane"]
[Black "LuisFSiles"]
[Result "0-1"]
[WhiteElo "2123"]
[BlackElo "2186"]
[TimeControl "180+2"]
[EndTime "15:09:12 PDT"]
[Termination "LuisFSiles won by resignation"]

1. d4 Nf6 2. c4 g6 3. Nc3 Bg7 4.
e4 d6 5. f3 O-O 6. Bg5 Nc6 7.
Nge2 a6 8. Rc1 Bd7 9. Qd2 b5 10. cxb5 axb5 11. Nxb5 Rxa2 12. Nec3 Ra8 13. Be2 Na5 14.
Qc2 c6 15. Na3 Qb6 16. Be3 Nb3 17. Rd1 Nh5 18. e5 Bf5 19. Bd3 Nxd4 20. Bxd4 Qxd4 21. Bxf5 Qxe5+ 22. Ne2 gxf5 23. O-O Qxb2 24. Qxb2 Bxb2 25. Nc4 Bf6 26. Nb6 Ra7 27. g4 fxg4 28. fxg4 Ng7 29. Kg2 Rb8 30. Nc4 Ne6 31. Kg3 Rb3+ 32. Rf3 Rxf3+ 33.
Kxf3 Ra4 34. Rc1 d5 35. Ne3 Ra3 36. Kf2 Bg5 37. Rc3 Rxc3 0-1

[Event "*** Titled Tuesday Blitz"]
[Site "Chess.com"]
[Date "2018.09.04"]
[Round "7"]
[White "patrisiii123"]
[Black "Vegan4future"]
[Result "1-0"]
[WhiteElo "2303"]
[BlackElo "2397"]
[TimeControl "180+2"]
[EndTime "15:09:16 PDT"]
[Termination "patrisiii123 won by resignation"]

1. e4 e5 2. Nf3 Nc6 3. Bc4 Bc5 4. c3 Nf6 5. b4 Bb6 6. d3 O-O 7. a4 a6 8. b5 axb5 9. Bxb5 d6 10. Bxc6 bxc6 11.
Nbd2 Bg4 12. O-O Ba5 13. Bb2 Qd7 14. Nc4 Rfb8 15. Rb1 Bb6 16. Re1 Bxf3 17. Qxf3 Rxa4 18. Ra1 Rba8 19. Rxa4 Rxa4 20. Rb1 Qg4 21. Qxg4 Nxg4 22.
h3 Rxc4 23. dxc4 Nxf2 24. c5 Bxc5 25. Ba3 Bb6 26. Rxb6 cxb6 27. Kxf2 c5 28. Ke3 f6 29.
Kd3 Kf7 30. Kc4 Ke6 31. Kb5 f5 32. exf5+ Kxf5 33. Kxb6 e4 34. Bc1 Ke5 35. Kc6 h6 36. Be3 g5 37. Kd7 Kd5 38. Ke7 Ke5 39. c4 d5 40.
cxd5 Kxd5 41. Kf6 Kc4 42. Kf5 Kd5 43. Kg6 c4 44. Kxh6 c3 45. Kxg5 Kc4 46. Kf4 Kd3 47. h4 c2 48. h5 1-0

[Event "*** Titled Tuesday Blitz"]
[Site "Chess.com"]
[Date "2018.09.04"]
[Round "7"]
[White "Supernotar"]
[Black "timator"]
[Result "0-1"]
[WhiteElo "2443"]
[BlackElo "2415"]
[TimeControl "180+2"]
[EndTime "15:09:24 PDT"]
[Termination "timator won by resignation"]

1. d4 Nf6 2. c4 e6 3. Nf3 b6 4.
g3 Ba6 5. b3 Bb4+ 6. Bd2 Be7 7.
Bg2 O-O 8. O-O c6 9. Nc3 d5 10. Ne5 Nfd7 11. Nxd7 Nxd7 12. cxd5 cxd5 13. Bf4 Rc8 14.
Rc1 Nf6 15. Qd2 Qd7 16. Nb1 Qb5 17. Bf3 Bb4 18. Qb2 Qd7 19. Rxc8 Rxc8 20. Rc1 h6 21. Bd2 Bd6 22. Rxc8+ Qxc8 23. Qc3 Qxc3 24. Bxc3 Kf8 25. Nd2 Ke7 26. Kf1 Kd7 27. Ke1 Kc7 28. e3 Nd7 29.
Be2 Bxe2 30. Kxe2 b5 31. Kd3 Kb6 32. f3 Kc6 33. e4 Nb6 34. e5 Be7 35. f4 b4 36. Bb2 a5 37. g4 Nd7 38. Nf3 Nf8 39. f5 Kd7 40. h4 h5 41. gxh5 exf5 42. Bc1 Ne6 43. Ng5 Bxg5 44. hxg5 Ke8 45. Be3 g6 46. h6 Kf8 47. Ke2 f4 48. Bf2 Nxg5 49. Bh4 Ne6 50. Bf6 Kg8 51. Kf3 Kh7 52. Be7 Kxh6 53. Bc5 g5 54. Bb6 Kg6 55. Bxa5 Nxd4+ 56. Kg4 Nc6 57. Bc7 d4 58. Kf3 Kf5 59. Bd6 Nxe5+ 0-1

[Event "*** Titled Tuesday Blitz"]
[Site "Chess.com"]
[Date "2018.09.04"]
[Round "7"]
[White "Abdodi"]
[Black "51616516516"]
[Result "1-0"]
[WhiteElo "2256"]
[BlackElo "2202"]
[TimeControl "180+2"]
[EndTime "15:09:25 PDT"]
[Termination "Abdodi won by resignation"]

1. d3 Nf6 2. e4 d6 3. f4 g6 4. e5 Nd5 5. c4 Nb6 6. d4 Bg7 7.
Nf3 Bg4 8. Nc3 O-O 9. Be3 dxe5 10. fxe5 Nc6 11. Qd2 Bxf3 12. gxf3 e6 13. h4 h5 14.
O-O-O Qe7 15. f4 Rfd8 16. Be2 Qb4 17. Ne4 Qa4 18. b3 Qa3+ 19. Qb2 Qb4 20. c5 Nd5 21. a3 Nxe3 22. axb4 Nxd1 23. Rxd1 Nxb4 24. Bf3 a5 25. Nf6+ Kh8 26. Qe2 Ra7 27. Bxh5 Bxf6 28. exf6 a4 29. Bxg6 fxg6 30. Qxe6 axb3 31. Qe7 Rg8 32.
f7 Ra1+ 33. Kd2 Rxd1+ 34. Kxd1 b2 35. fxg8=Q+ Kxg8 36.
Qe6+ Kf8 37. Qb3 Nd5 38. Qxb2 1-0

[Event "*** Titled Tuesday Blitz"]
[Site "Chess.com"]
[Date "2018.09.04"]
[Round "7"]
[White "Abund"]
[Black "TrimitziosP7"]
[Result "0-1"]
[WhiteElo "2450"]
[BlackElo "2646"]
[TimeControl "180+2"]
[EndTime "15:09:26 PDT"]
[Termination "TrimitziosP7 won by resignation"]

1. d4 d5 2. c4 c6 3. Nf3 Nf6 4. e3 a6 5. Nc3 b5 6. b3 Bf5 7. Be2 e6 8. O-O h6 9. Ne5 Bd6 10. f4 O-O 11. c5 Bc7 12. a4 b4 13.
Na2 a5 14. Bd2 Ne4 15. Nc1 f6 16. Nf3 Nd7 17. Nd3 Qe7 18. Nh4 Bh7 19. Bh5 Rfc8 20.
Ng6 Qd8 21. Be1 Nf8 22. Nxf8 Qxf8 23. Qg4 Bf5 24. Qe2 Qe7 25. Bf3 Rf8 26. g4 Bh7 27.
Bg3 Nxg3 28. hxg3 e5 29. Nf2 Rae8 30. Rae1 Qd7 31. Qd1 Re7 32. Kg2 Rfe8 33. Qd2 Qe6 34. f5 Qc8 35. Bd1 Qb8 36. Nh1 exd4 37. exd4 Qd8 38.
Bc2 Kf7 39. Nf2 Bb8 40. Nd3 Qc8 41. Nf4 Bxf4 42. gxf4 h5 43. g5 Bxf5 44. g6+ Kxg6 45.
Bxf5+ Qxf5 46. Rxe7 Rxe7 47. Rf3 Kf7 48. Kf2 Qg4 49.
Rg3 Qf5 50. Re3 Qxf4+ 0-1

[Event "*** Titled Tuesday Blitz"]
[Site "Chess.com"]
[Date "2018.09.04"]
[Round "7"]
[White "Korchmar_Vasiliy"]
[Black "pedromartinez91"]
[Result "1-0"]
[WhiteElo "2645"]
[BlackElo "2392"]
[TimeControl "180+2"]
[EndTime "15:09:34 PDT"]
[Termination "Korchmar_Vasiliy won by resignation"]

1. d4 Nf6 2. Nf3 c5 3. d5 e6 4. Nc3 exd5 5. Nxd5 Nxd5 6. Qxd5 Nc6 7. Bg5 Be7 8. a3 d6 9. Bxe7 Nxe7 10. Qh5 Bf5 11. O-O-O O-O 12. e3 Bg6 13. Qh4 b5 14.
Bxb5 Rb8 15. Bd3 Qb6 16. Qxe7 Qxb2+ 17. Kd2 Bxd3 18. Kxd3 c4+ 19. Ke2 c3 20. Nd4 Qxa3 21. Ra1 Qc5 22. Rhd1 Qh5+ 23. Kf1 Qxh2 24. Nf3 Qh1+ 25.
Ng1 Qh5 26. Qxd6 h6 27. Qd3 Rfc8 28. Rxa7 Qh4 29. Qd5 Rf8 30. Qd4 Qh1 31. Qxc3 Qh5 32. Qd4 Qg5 33. Rd7 Rbc8 34. c4 Qh5 35. Rd5 Qg6 36.
Nf3 Qc2 37. c5 Qa4 38. Qxa4 1-0

[Event "*** Titled Tuesday Blitz"]
[Site "Chess.com"]
[Date "2018.09.04"]
[Round "7"]
[White "Drags95"]
[Black "CrushingKings"]
[Result "1-0"]
[WhiteElo "2659"]
[BlackElo "1986"]
[TimeControl "180+2"]
[EndTime "15:09:35 PDT"]
[Termination "Drags95 won on time"]

1. e4 c5 2. Nf3 e6 3. d4 cxd4 4.
Nxd4 Nc6 5. Nc3 Qc7 6. g3 a6 7. Bg2 h5 8. Nf3 Bc5 9. O-O d6 10. Bf4 Nge7 11. Qd2 e5 12. Bg5 f6 13. Be3 Bg4 14. Bxc5 dxc5 15. Nd5 Nxd5 16. exd5 Nd4 17. Nxd4 cxd4 18. Rac1 h4 19. c3 hxg3 20. hxg3 dxc3 21. Rxc3 Qd7 22. Rfc1 Bh3 23. Bf3 Bg4 24. Bg2 Bh3 25.
Bh1 Bg4 26. d6 Rd8 27. Rd3 Bf5 28. Rc7 Rxh1+ 29. Kxh1 Be4+ 30. Kh2 Qg4 31. f3 Bxf3 32. Qe3 Qh5+ 33. Kg1 Qh1+ 34. Kf2 Qg2+ 35. Ke1 Qh1+ 36. Kd2 Bc6 37. Rxg7 Qh2+ 38. Kc3 Qh6 39. Qxh6 1-0

[Event "*** Titled Tuesday Blitz"]
[Site "Chess.com"]
[Date "2018.09.04"]
[Round "7"]
[White "wannabe2700"]
[Black "michaelk123"]
[Result "1-0"]
[WhiteElo "2588"]
[BlackElo "2488"]
[TimeControl "180+2"]
[EndTime "15:09:35 PDT"]
[Termination "wannabe2700 won by resignation"]

1. d4 Nf6 2. c4 e6 3. Nf3 b6 4.
g3 c6 5. Bg2 d5 6. O-O Be7 7.
Nbd2 O-O 8. Qc2 Bb7 9. e4 Na6 10. e5 Nd7 11. b3 Rc8 12. Bb2 c5 13. cxd5 Bxd5 14. Ne4 cxd4 15. Qe2 d3 16. Qxd3 Nb4 17. Qb1 Nc2 18. Nc3 Bxf3 19. Qxc2 Bxg2 20. Kxg2 Nxe5 21. Rfd1 Qc7 22. Qe4 f5 23. Qe2 Bf6 24. Rac1 Qb7+ 25. f3 Rfd8 26. Rxd8+ Rxd8 27. Nb5 Nxf3 28. Qxe6+ Kh8 29. Qc6 Ne1+ 30. Kf1 Qxc6 31. Rxc6 Bxb2 32. Kxe1 a6 33. Nc7 Rc8 34. Rxb6 Bd4 35. Rxa6 h5 36. Ne6 Re8 37. a4 Bg1 38. Kf1 Be3 39. b4 Kg8 40. b5 Kf7 41. Nc7 Rc8 42. Rc6 g5 43. Nd5 Rxc6 44. bxc6 Bf4 45. gxf4 1-0

[Event "*** Titled Tuesday Blitz"]
[Site "Chess.com"]
[Date "2018.09.04"]
[Round "7"]
[White "DanielNaroditsky"]
[Black "lavr92"]
[Result "1-0"]
[WhiteElo "2952"]
[BlackElo "2597"]
[TimeControl "180+2"]
[EndTime "15:09:39 PDT"]
[Termination "DanielNaroditsky won by resignation"]

1. d4 d5 2. Bf4 c5 3. e3 Nc6 4. Nc3 cxd4 5. exd4 Bf5 6. Nf3 e6 7. Ne5 Bd6 8. g4 Bg6 9. h4 Bxe5 10. dxe5 h5 11. Nb5 Nge7 12. Nd6+ Kf8 13. c3 hxg4 14. Qxg4 Rh5 15. Qg3 Qb6 16. Be2 Qxb2 17. Rd1 Nf5 18.
Nxf5 Rxf5 19. h5 Bh7 20. h6 g5 21. Bxg5 Rxe5 22. Be3 Ke7 23. Qg7 Qxc3+ 24. Kf1 Qc2 25. Rc1 Qe4 26. Bc5+ Ke8 27. Qf8+ Kd7 28. Qxf7+ Kc8 29.
Qf3 Qxf3 30. Bxf3 Kd7 31. Rh4 Rf5 32. Bg4 Rf4 33. Bxe6+ Kxe6 34. Rxf4 Be4 35. f3 Bd3+ 36. Kf2 Rh8 37. Re1+ Kd7 38. Rf7+ Kc8 39. Rf8+ Rxf8 40. Bxf8 Kd7 41. Rd1 Bh7 42. Rxd5+ Ke6 43. Rg5 Ne5 44.
Rg7 1-0

[Event "*** Titled Tuesday Blitz"]
[Site "Chess.com"]
[Date "2018.09.04"]
[Round "7"]
[White "tony15051987"]
[Black "XDPS"]
[Result "1-0"]
[WhiteElo "2464"]
[BlackElo "2574"]
[TimeControl "180+2"]
[EndTime "15:09:40 PDT"]
[Termination "tony15051987 won by checkmate"]

1. Nf3 d5 2. d4 Nf6 3. c4 e6 4.
Nc3 c6 5. e3 Nbd7 6. Qc2 Bd6 7.
Bd3 O-O 8. O-O dxc4 9. Bxc4 a6 10. Rd1 b5 11. Be2 Qc7 12. Bd2 c5 13. dxc5 Qxc5 14. Rac1 Bb7 15. Be1 Qb6 16. a4 b4 17. a5 Qxa5 18. Rxd6 bxc3 19. Bxc3 Qc5 20. Rdd1 Rfc8 21. Qa4 Qf5 22. Rxd7 Nxd7 23. Qxd7 Bc6 24. Qd4 Qg6 25. Bd3 Qh6 26. Ne5 Rd8 27. Qg4 Be8 28. Qg3 f5 29. Bc4 Rac8 30. Bxa6 Rc5 31. Bc4 Rdc8 32. Bd4 Ra5 33.
h4 Rb8 34. Qf4 Qxf4 35. Bxe6+ Kh8 36. exf4 h6 37. Rc7 Ra1+ 38. Kh2 Rd1 39. Nf3 Rxd4 40. Nxd4 Rxb2 41. Rc8 Rxf2 42. Rxe8+ Kh7 43. h5 Rxf4 44.
Bg8+ Kh8 45. Bf7+ Kh7 46. Bg6# 1-0

[Event "*** Titled Tuesday Blitz"]
[Site "Chess.com"]
[Date "2018.09.04"]
[Round "7"]
[White "Bauxi435"]
[Black "enriquetejedor"]
[Result "1-0"]
[WhiteElo "2359"]
[BlackElo "2341"]
[TimeControl "180+2"]
[EndTime "15:09:40 PDT"]
[Termination "Bauxi435 won by checkmate"]

1. d4 Nf6 2. c4 e6 3. Nc3 Bb4 4.
f3 d5 5. a3 Bxc3+ 6. bxc3 O-O 7.
e3 c5 8. cxd5 exd5 9. Bd3 b6 10.
Ne2 Ba6 11. O-O Bxd3 12. Qxd3 Nc6 13. e4 cxd4 14. cxd4 dxe4 15. fxe4 Re8 16. Bg5 Ne5 17. Qd1 Neg4 18. e5 Qd5 19. Nc3 Qa5 20. Bxf6 Nxf6 21. Qb3 Rac8 22. Nb5 Qd2 23. exf6 Re3 24. Qd5 Re6 25.
fxg7 Qe3+ 26. Kh1 Kxg7 27. Nd6 Rxd6 28. Qxd6 Re8 29. Qg3+ Qxg3 30. hxg3 Rd8 31. Rf4 Kg6 32. Raf1 f5 33. Re1 Rd6 34. Re5 a6 35. Rexf5 b5 36.
g4 Rb6 37. g5 Kh5 38. g3 Rb7 39.
Kg2 a5 40. Kh3 b4 41. axb4 axb4 42. g4+ Kg6 43. Kh4 b3 44. Rf6+ Kg7 45. Rf1 Rd7 46. R6f4 b2 47. Rb1 Rb7 48. Rf2 Rb4 49. Rbxb2 Rxd4 50. Rb7+ Kg8 51. Rc2 Rd8 52. Rbc7 Rd1 53. Rb2 Rd8 54.
Rbb7 Re8 55. Rg7+ Kh8 56. Rxh7+ Kg8 57. g6 Kf8 58. Rh8# 1-0

[Event "*** Titled Tuesday Blitz"]
[Site "Chess.com"]
[Date "2018.09.04"]
[Round "7"]
[White "jefferyx"]
[Black "GMWSO"]
[Result "1/2-1/2"]
[WhiteElo "2806"]
[BlackElo "2960"]
[TimeControl "180+2"]
[EndTime "15:09:43 PDT"]
[Termination "Game drawn by repetition"]

1. d4 d5 2. c4 c6 3. Nf3 Nf6 4. cxd5 cxd5 5. Nc3 Nc6 6. Bf4 Nh5 7. Bd2 Nf6 8. Rc1 Bf5 9. Ne5 Rc8 10. Qa4 Bd7 11. Nxd7 Qxd7 12. Bg5 e6 13. Bxf6 gxf6 14. e3 f5 15. Be2 Bg7 16. g3 O-O 17. O-O Rfd8 18. Rc2 a6 19. Rfc1 b5 20. Nxb5 Nxd4 21. exd4 axb5 22.
Bxb5 Rxc2 23. Rxc2 Qb7 24. Qb4 Bf8 25. Qb3 Qa7 26.
Qe3 Bg7 27. a4 Qxd4 28. Qxd4 Bxd4 29. b4 Rb8 30. Kf1 Be5 31. Rc6 Bg7 32. Rc1 Bf8 33.
Rb1 Kg7 34. f4 Bd6 35. Ke2 f6 36. Bd7 Kf7 37. b5 Ke7 38. Bc6 Bc7 39. Rc1 Kd6 40.
Rd1 Bb6 41. Kf3 h5 42. h3 Rg8 43. Rc1 e5 44. fxe5+ fxe5 45. Bb7 Bc5 46. a5 d4 47.
a6 e4+ 48. Kf4 d3 49. Rd1 Ke6 50. Bxe4 Bd6+ 51. Ke3 Rxg3+ 52. Bf3 Bc5+ 53. Kf4 Bd6+ 54.
Ke3 Bc5+ 55. Kf4 Bd6+ 56. Ke3 1/2-1/2

[Event "*** Titled Tuesday Blitz"]
[Site "Chess.com"]
[Date "2018.09.04"]
[Round "7"]
[White "sergiochess83"]
[Black "GMKrikor"]
[Result "1/2-1/2"]
[WhiteElo "2749"]
[BlackElo "2756"]
[TimeControl "180+2"]
[EndTime "15:09:44 PDT"]
[Termination "Game drawn by repetition"]

1. e4 c5 2. Nf3 g6 3. c3 d5 4. e5 Nc6 5. d4 Bg4 6. Nbd2 cxd4 7. cxd4 Nh6 8. Bb5 Qb6 9. Bxc6+ bxc6 10. O-O e6 11. h3 Bxf3 12. Nxf3 Nf5 13. Bg5 Be7 14.
Bxe7 Nxe7 15. Qc2 O-O 16. Rac1 a5 17. Qd2 Kg7 18. Rc2 h6 19. Rfc1 a4 20. Qf4 Ng8 21.
h4 Rfc8 22. Nh2 Rab8 23. Ng4 Qd8 24. g3 Rb4 25. a3 Rb3 26. Kg2 h5 27. Ne3 Nh6 28.
Rxc6 Rxc6 29. Rxc6 Rxb2 30. Ra6 Kh7 31. Rxa4 Qb8 32.
g4 hxg4 33. Nxg4 Nf5 34. h5 Qb3 35. hxg6+ Kxg6 36. Ra8 Nh4+ 37. Kh2 Nf3+ 38. Kg2 Nh4+ 39. Kh2 Nf3+ 40. Kg2 Nh4+ 41. Kh2 1/2-1/2

[Event "*** Titled Tuesday Blitz"]
[Site "Chess.com"]
[Date "2018.09.04"]
[Round "7"]
[White "ulises2013"]
[Black "JonahWillow"]
[Result "1-0"]
[WhiteElo "2607"]
[BlackElo "2712"]
[TimeControl "180+2"]
[EndTime "15:09:49 PDT"]
[Termination "ulises2013 won by resignation"]

1. e4 c5 2. g3 Nc6 3. Bg2 g6 4. Ne2 Bg7 5. O-O e6 6. c3 e5 7. d3 Nge7 8. Be3 d6 9. d4 cxd4 10. cxd4 O-O 11. Nbc3 b6 12. d5 Na5 13. Qd3 Nb7 14. b4 f5 15. Rac1 Bd7 16. f4 Kh8 17. Kh1 Qe8 18. fxe5 Bxe5 19. Nd4 Ng8 20. exf5 Bxf5 21.
Nxf5 gxf5 22. Bd4 Qg6 23. Rce1 Rae8 24. Nb5 Qg7 25. Rxf5 Rxf5 26. Qxf5 Rf8 27. Bxe5 Rxf5 28. Bxg7+ Kxg7 29. Rc1 Rf7 30. Nxa7 Nf6 31. Nc8 Ng4 32. Nxb6 Nf2+ 33. Kg1 Nd3 34. Rb1 Nd8 35. a4 Ne5 36. a5 Rc7 37. a6 Ndf7 38. Ra1 Ra7 39. Nc8 Ra8 40. a7 Nc4 41. b5 Nd8 42. Bf1 Ne5 43. Nb6 1-0